Match 45892371
Unlisted

Match 45892371
End
Panzergrenadier Squad
Selects Italian Infantry
Selects Italian Infantry
Selects Italian Infantry
Panzergrenadier Squad
Panzergrenadier Squad
Construct Light Support Kompanie
2.5-tonne Medical Truck
Selects Defensive Operations
Fire Support Elements
le.IG 18 Mechanized Group
Selects Guastatori Squad
Selects L6/40 Light Tank Combat Group
Construct Mechanized Kompanie
Pak 38 Anti-tank Gun Team
Marder III Tank Destroyer
Marder III Tank Destroyer
18-tonne Recovery Half-track
Guastatori Squad
18-tonne Recovery Half-track
Selects Towed Cannone da 105/28 Field Howitzer
Selects Prepared Positions
Selects Obice 305mm Barrage
Obice 305mm Barrage
Guastatori Squad
18-tonne Recovery Half-track
Pak 38 Mechanized Group
Obice 305mm Barrage
Pak 38 Anti-tank Gun Team
Pak 38 Anti-tank Gun Team
254 Reconnaissance Tractor
2405139604
Nick <3
Vodka199009
alexvanil4o
dinamix.fr
seb
kila
make my day ツ
0
0

Comments sign in to comment!

No comments posted yet!